 Dungeon Crawl Stone Soup version 0.26-a0-1164-g1a551d6a14 (webtiles) character file.

Game seed: 17067457289435913891

11 night the Chiller (level 2, -2/19 HPs)
             Began as a Demonspawn Ice Elementalist on Dec 23, 2020.
             Slain by a gnoll
             ... wielding a +0 halberd
              (8 damage)
             ... on level 1 of the Dungeon.
             The game lasted 00:02:32 (976 turns).

night the Chiller (Demonspawn Ice Elementalist)      Turns: 976, Time: 00:02:33

Health: -2/19      AC:  3    Str:  8    XL:     2   Next: 17%
Magic:  1/5        EV: 12    Int: 16    God:
Gold:   53         SH:  0    Dex: 13    Spells: 4/5 levels left

rFire    . . .     SeeInvis .   (no weapon)
rCold    . . .     Faith    .   (no shield)
rNeg     . . .     Spirit   .   a - +0 robe
rPois    .         Reflect  .   (helmet restricted)
rElec    .         Harm     .   b - +0 cloak
rCorr    .         Rampage  .   (no gloves)
Will     .....                  (no boots)
Stlth    ++........             (no amulet)
HPRegen  0.06/turn              (no ring)
MPRegen  0.09/turn              (no ring)

@: very slightly contaminated
A: horns 1
a: no special abilities


You were on level 1 of the Dungeon.
You visited 1 branch of the dungeon, and saw 1 of its levels.

You collected 53 gold pieces.

Inventory:

Missiles
 f - 16 sling bullets
 h - 16 stones
Armour
 a - a +0 robe (worn)
 b - a +0 cloak (worn)
Scrolls
 d - a scroll of fear {unknown}
 j - a scroll of blinking {unknown}
Potions
 c - a potion of brilliance {unknown}
 e - a potion of berserk rage {unknown}
 g - a potion of mutation {unknown}
 i - a potion of lignification {unknown}


   Skills:
 - Level 1.7 Dodging
 - Level 1.7 Stealth
 + Level 2.4 Spellcasting
 + Level 3.9 Ice Magic


You had 4 spell levels left.
You knew the following spells:

 Your Spells              Type           Power        Failure   Level
a - Freeze                Ice            56%          4%          1

Your spell library contained the following spells:

 Spells                   Type           Power        Failure   Level
 Frozen Ramparts          Ice            28%          12%         3
 Ozocubu's Armour         Ice            14%          12%         3
 Hailstorm                Conj/Ice       8%           65%         4
 Summon Ice Beast         Ice/Summ       8%           65%         4


Dungeon Overview and Level Annotations

Branches:
Dungeon (1/15)

Altars:


Innate Abilities, Weirdness & Mutations

You have a pair of small horns on your head.


Message History

The gnoll is heavily wounded.
The gnoll barely misses you.
Casting: Freeze (safe; 4% risk of failure)
Confirm with . or Enter, or press ? or * to list all spells.
Aiming: Freeze (safe; 4% risk of failure)
Press: ? - help, Shift-Dir - straight line, f/p - gnoll
Aim: a gnoll, wielding a +0 halberd (heavily wounded)
You miscast Freeze.
You are very lightly contaminated with residual magic.
Nothing appears to happen.
The gnoll hits you with a +0 halberd!
Ouch! That really hurt!
Casting: Freeze (safe; 4% risk of failure)
Confirm with . or Enter, or press ? or * to list all spells.
Aiming: Freeze (safe; 4% risk of failure)
Press: ? - help, Shift-Dir - straight line, f/p - gnoll
Aim: a gnoll, wielding a +0 halberd (heavily wounded)
You freeze the gnoll.
The gnoll is severely wounded.
The gnoll hits you with a +0 halberd!
You die...

#.# #.# #.#####.##. #.### #.#
#.#.....#.. ....# #.#
#.#.#####.# #.#.##
#.######.#.# #.#
#.#..###########...)......#
#.#
#.##.#.........#.######.###
#.# #.##.#.........#.######.#
#.# #.....).........g.......#
#.# ####...........#@########
#.# .............###.#......#
#.# .^###..###.#.#
#.#......#### #.# ..#
##.###.#.###.#......+g.# #.#
### #..##.#.g..........##.#
#.#
###.##.#####.####.#.##.####.#
#...............#.#.........#
###..#..###.....#............
##[#..# #.....######.######


You could see a gnoll.

Vanquished Creatures
  A leopard gecko (D:1)
  2 bats (D:1)
  A goblin (D:1)
  3 hobgoblins (D:1)
  A frilled lizard (D:1)
  A kobold (D:1)
  A rat (D:1)
10 creatures vanquished.

Notes
Turn   | Place    | Note
-------+----------+-------------------------------------------
     0 | D:1      | night the Demonspawn Ice Elementalist began the quest for
                  | the Orb.
     0 | D:1      | Reached XP level 1. HP: 13/13 MP: 3/3
   534 | D:1      | Gained mutation: You have a pair of small horns on your
                  | head. [demonic ancestry]
   534 | D:1      | Reached XP level 2. HP: 15/19 MP: 0/5
   976 | D:1      | Slain by a gnoll

Illustrated notes

Levels and vault maps discovered:
D:1:      psy_arrival_terrarium, layout_basic

Action                   || total
-------------------------++-------
Melee: Unarmed           ||     5
 Cast: Freeze            ||    19
 Stab: Sleeping          ||     1
Armor: Robe              ||     1
Dodge: Dodged            ||    13

Table legend: (Time is in decaauts)
 A = Elapsed time spent in this place.
 B = Non-inter-level travel time spent in this place.
 C = Inter-level travel time spent in this place.
 D = Time resting spent in this place.
 E = Time spent auto-exploring this place.
 F = Levels seen in this place.
 G = Mean time per level.
                   A        B        C        D        E       F      G
               +--------+--------+--------+--------+--------+-----+--------+
         Total |    976 |    964 |     12 |    174 |    535 |   1 |  976.0 |
       Dungeon |    976 |    964 |     12 |    174 |    535 |   1 |  976.0 |
               +--------+--------+--------+--------+--------+-----+--------+

Top non-repeatable levels by time:
     D:1: 976 daAuts
